 Dungeon Crawl Stone Soup version 0.29.1-12-g30fa7ad0bf (webtiles) character file.

Game seed: 1408949036803488276

14541 hawla the Thaumaturge (level 12, -1/92 HPs)
             Began as a Meteoran Fire Elementalist on Dec 27, 2022.
             Was a Priest of Vehumet.
             Slain by a hornet (8 damage)
             ... summoned by an orange crystal statue
             ... in a Gauntlet.
             The game lasted 00:37:21 (5143 turns).

hawla the Thaumaturge (Meteoran Fire Elementalist)  Turns: 5143, Time: 00:37:22

Health: -1/92      AC:  7    Str: 13      XL:     12   Next: 80%
Magic:  5/40       EV: 15    Int: 27 (31) God:    Vehumet [***...]
Gold:   565        SH:  5    Dex: 20      Spells: 7/39 levels left

rFire   . . .      SeeInvis .   b - staff of poison
rCold   + + .      Faith    .   (no shield)
rNeg    . . .      Spirit   .   m - +0 leather armour of Yredelemnul's Envy {rC++ Str+2 Int+4}
rPois   +          Reflect  +   I - +1 hat of the Bull {Dex+5}
rElec   .          Harm     .   (no cloak)
rCorr   .          Rampage  .   (no gloves)
Will    +....      NoTele   +   a - +2 pair of boots
Stlth   +.........              h - amulet of reflection
HPRegen 0.25/turn               f - +6 ring of intelligence
MPRegen 0.27/turn               i - ring "Jius" {Fly MP+9}

@: flying, slowed, glowing, very slow
A: sense surroundings 2, otherworldly, glowing, explore regen
a: Renounce Religion


You were in a Gauntlet.
You worshipped Vehumet.
Vehumet was most pleased with you.
You visited 3 branches of the dungeon, and saw 12 of its levels.
You also visited: Sewer, Ossuary, Bailey and Gauntlet.

You collected 565 gold pieces.

Inventory:

Armour
 a - a +2 pair of boots (worn)
 m - the +0 leather armour of Yredelemnul's Envy (worn) {rC++ Str+2 Int+4}
   (You found it on level 4 of the Dungeon)

   Str:       It affects your strength (+2).
   Int:       It affects your intelligence (+4).
   rC:        It greatly protects you from cold.
 I - the +1 hat of the Bull (worn) {Dex+5}
   (You found it in a Gauntlet)

   Dex:       It affects your dexterity (+5).
Magical Staves
 b - a staff of poison (weapon)
 w - a staff of earth
Jewellery
 d - a ring of protection from cold
 f - a +6 ring of intelligence (left hand)
 h - an amulet of reflection (around neck)
 i - the ring "Jius" (right hand) {Fly MP+9}
   (You acquired it on level 7 of the Dungeon)

   [ring of magical power]

   MP:        It affects your magic capacity (+9).
   Fly:       It grants you flight.
 j - a ring of wizardry
 l - a ring of protection from fire
 o - a ring of positive energy
 y - a ring of magical power
 A - an amulet of regeneration
Wands
 c - a wand of paralysis (5)
 v - a wand of acid (28) (quivered)
Scrolls
 g - a scroll of magic mapping
 p - 3 scrolls of identify
 u - a scroll of silence {unknown}
 z - 2 scrolls of noise {unknown}
 C - a scroll of teleportation {unknown}
 E - a scroll of enchant armour
Potions
 e - 3 potions of haste
 k - 2 potions of mutation {unknown}
 n - 4 potions of might
 q - a potion of resistance
 s - 2 potions of lignification {unknown}
 t - 3 potions of berserk rage {unknown}
 x - 5 potions of curing
 B - a potion of brilliance {unknown}
 D - a potion of attraction {unknown}
 F - a potion of flight {unknown}
 H - a potion of degeneration {unknown}


   Skills:
 + Level 4.5 Fighting
 + Level 2.1 Staves
 - Level 4.0 Armour
 + Level 6.2 Dodging
 - Level 1.4 Stealth
 - Level 14.0 Spellcasting
 - Level 8.6 Conjurations
 - Level 2.8 Necromancy
 * Level 12.2 Fire Magic
 - Level 4.0 Air Magic
 - Level 2.0 Earth Magic
 - Level 3.6 Poison Magic
 - Level 2.0 Evocations


You had 7 spell levels left.
You knew the following spells:

 Your Spells              Type           Power      Damage    Failure   Level
a - Searing Ray           Conj           100%       2d8       1%          2
b - Scorch                Fire           100%       2d10      1%          2
c - Flame Wave            Conj/Fire      66%        2d15      1%          4
d - Vampiric Draining     Necr           34%        2d8       3%          3
e - Airstrike             Air            20%        2d(3-19)  1%          4
f - Iskenderun's Battles  Conj           60%        2d11      1%          5
g - Olgreb's Toxic Radia  Pois           55%        N/A       2%          4
h - Ignition              Fire           35%        3d11      36%         8

Your spell library contained the following spells:

 Spells                   Type           Power      Damage    Failure   Level
 Dazzling Flash           Conj/Hex       84%        N/A       1%          3
 Foxfire                  Conj/Fire      100%       2x1d9     1%          1
 Necrotise                Necr           100%       1d9       1%          1
 Static Discharge         Conj/Air       52%        3-10/arc  1%          2
 Conjure Flame            Conj/Fire      66%        6-21      1%          3
 Inner Flame              Hex/Fire       51%        N/A       1%          3
 Fireball                 Conj/Fire      33%        3d14      1%          5
 Lightning Bolt           Conj/Air       26%        1d42      1%          5
 Apportation              Tloc           36%        N/A       3%          1
 Slow                     Hex            72%        N/A       3%          1
 Call Canine Familiar     Summ           18%        N/A       11%         3
 Confusing Touch          Hex            18%        N/A       11%         3
 Portal Projectile        Hex/Tloc       36%        N/A       11%         3
 Conjure Ball Lightning   Conj/Air       26%        3x3d7     11%         6
 Summon Lightning Spire   Summ/Air       29%        N/A       16%         4
 Orb of Destruction       Conj           30%        9d10      21%         7
 Leda's Liquefaction      Hex/Erth       12%        N/A       22%         4
 Agony                    Necr           34%        N/A       30%         5
 Alistair's Intoxication  Tmut/Pois      28%        N/A       43%         5
 Eringya's Noxious Bog    Tmut/Pois      21%        N/A       52%         6
 Summon Forest            Summ/Tloc      9%         N/A       67%         5
 Ozocubu's Refrigeration  Ice            9%         4d9       99%         7
 Summon Hydra             Summ           9%         N/A       100%        7
 Maxwell's Capacitive Co  Air            20%        ∞         100%        8


Dungeon Overview and Level Annotations

Branches:
Dungeon (9/15) Zot: 1627   Temple (1/1) D:5 Zot: 573    Lair (2/5) D:9 Zot: 631
  Swamp (0/4) Lair:2        Sewer (visited)         Ossuary (visited)
 Bailey (visited)         Gauntlet (1/1) Zot: 478
  Snake: Lair:2-3    Spider: Lair:2-3       Orc: D:9-12

Altars:
Ashenzari
Dithmenos
Elyvilon
Fedhas
Gozag
Hepliaklqana
Kikubaaqudgha
Makhleb
Nemelex Xobeh
Okawaru
Qazlal
Ru
Sif Muna
Uskayaw
Vehumet
Wu Jian
Xom
Yredelemnul
Zin
The Shining One

Annotations:
Temple 4 transporters Gauntlet 1 runed translucent door, 6 transporters, exclusion: orange crystal statue


Innate Abilities, Weirdness & Mutations

You passively map the area around you.
You are easily found by Zot.
You glow in the dark.
You regain HP and MP as you explore.


Message History

Your battlesphere completely resists.
The orange crystal statue fixes its piercing gaze on you.
Something tries to feed on your intellect!
Casting: Iskenderun's Battlesphere (mildly dangerous; 1% risk of failure)
Confirm with . or Enter, or press ? or * to list all spells.
Casting: Flame Wave (safe; 1% risk of failure)
Press: ? - help, Dir - look around, f - activate A wave of flame ripples out!
The flame wave engulfs the hornet!
The hornet is severely wounded. (Press . to intensify the flame waves.)
Your battlesphere fires!
The barrage of energy hits the raiju!
The raiju is lightly wounded.
The hornet stings you but does no damage.
The raiju bursts into living lightning!
The living lightning hits you!
* * * LOW HITPOINT WARNING * * *
The raiju blinks!
The orange crystal statue fixes its piercing gaze on you.
You feel your power leaking away. The hornet barely misses you.
Without enough magic to sustain them, the waves of flame dissipate.
The hornet closely misses you.
Okay, then.
The hornet stings you.
* * * LOW HITPOINT WARNING * * *
You feel yourself slow down.
The orange crystal statue glitters topaz in the dim dungeon light.
The hornet stings you.
* * * LOW HITPOINT WARNING * * *
There is an open translucent gate here.
As you read the scroll labelled OLOH NOHOWUH, it crumbles to dust.
Your body is wracked with pain!
* * * LOW HITPOINT WARNING * * *
The raiju convulses!
The hornet convulses!
The manticore convulses!
The swamp worm convulses!
The raiju convulses!
It was a scroll of torment.
The hornet closely misses you. The hornet stings you.
* * * LOW HITPOINT WARNING * * *
You swap places.
The hornet stings you!
You die...

* * * ## ### ### ## *## *
*#≈###≈###≈###≈###≈###≈##
~
*≈≈≈#≈≈≈#≈≈≈#≈≈≈#≈≈≈#≈≈≈#
, , ,
........................ ,
*##...#########...#######
*, ,
.#.8.#.$#....#.8.##..##. ,
,,
.#...#."#*##.#...#.##..# ,
* , ,
.#######'.##.#####.#.#.# ,
* *©
.#©.©#©@'h..©#©.©#©#.©#. *
**
,.#...###y#####...#[.#.##
,*.#...#ZZHwZ..#...#..##..
,
,.#8©8#.Z8hZ..#8©8###..##
* ########################
, ,
........................ *
~ ≈≈≈#≈≈≈#≈≈≈#...8⌠8..8∩8.
#≈###≈###≈###........... *
* * *#####


You could see an orange crystal statue, a manticore (summoned), 2 raiju, a swamp
worm (summoned), a hornet (summoned), a cane toad simulacrum (summoned), a
bunyip zombie (summoned), a polar bear skeleton (summoned), a deep elf knight
skeleton (summoned), a spriggan druid skeleton (summoned) and a friendly
battlesphere.

Vanquished Creatures
  A hydra (Lair:1)
  2 orc knights (Bailey)
  4 elephants (Lair:1)
  2 black mambas (Lair:1)
  A smoke demon (Gauntlet)
  Maggie (D:8)
  2 komodo dragons (Lair:1)
  2 cane toads (Lair:1)
  A kobold demonologist (D:9)
  A rime drake (Lair:1)
  An ice devil (Gauntlet)
  A hornet (D:7)
  3 flying skulls (Gauntlet)
  11 yaks
  2 wyverns
  2 basilisks
  2 vampire mosquitoes (D:7)
  2 water moccasins (Lair:1)
  Pargi (Sewer)
  2 ice beasts
  8 orc warriors (Bailey)
  A sky beast (D:6)
  7 wolves
  3 black bears
  4 centaurs
  4 ogres
  3 phantoms
  5 bullfrogs
  6 scorpions
  A necrophage (D:5)
  A gnoll sergeant (D:7)
  7 wights (D:7)
  6 killer bees (D:7)
  6 howler monkeys
  6 crimson imps
  A jelly (D:8)
  4 hounds
  A gnoll bouda (D:5)
  2 iguanas
  4 mummies
  8 gnolls
  5 adders
  A shadow imp (D:7)
  3 white imps
  An ufetubus (D:4)
  3 adder zombies (Ossuary)
  A worm (D:4)
  A dart slug (D:4)
  32 orcs
  6 giant cockroaches
  3 hobgoblins
  2 quokkas
  6 ball pythons
  3 bats
  4 frilled lizards
  10 goblins
  3 goblin zombies (Ossuary)
  3 hobgoblin zombies (Ossuary)
  A kobold (D:1)
  5 kobold zombies (Ossuary)
  3 quokka zombies (Ossuary)
  3 rats
  A rat zombie (Ossuary)
232 creatures vanquished.

Vanquished Creatures (collateral kills)
  A vampire mosquito (D:7)
1 creature vanquished.

Vanquished Creatures (others)
  220 foxfires
  3 fungi (Lair:1)
  4 plants
227 creatures vanquished.

Grand Total: 460 creatures vanquished

Notes
Turn   | Place    | Note
-------+----------+-------------------------------------------
     0 | D:1      | hawla the Meteoran Fire Elementalist began the quest for
                  | the Orb.
     0 | D:1      | Reached XP level 1. HP: 14/14 MP: 5/5
   124 | D:1      | Reached XP level 2. HP: 13/22 MP: 1/6
   170 | D:1      | Learned a level 2 spell: Scorch
   178 | D:1      | Reached skill level 3 in Spellcasting
   227 | D:1      | Reached XP level 3. HP: 27/27 MP: 4/8
   396 | D:4      | Noticed a phantom
   406 | D:4      | Killed a phantom
   407 | D:4      | Reached skill level 4 in Spellcasting
   407 | D:4      | Reached XP level 4. HP: 26/34 MP: 1/11
   407 | D:4      | Reached XP level 5. HP: 30/39 MP: 1/12
   442 | D:4      | Learned a level 4 spell: Flame Wave
   503 | D:4      | Reached XP level 6. HP: 43/46 MP: 7/13
   837 | D:4      | Identified the +0 leather armour of Yredelemnul's Envy
                  | {rC++ Str+2 Int+4}
  1118 | D:5      | Entered Level 5 of the Dungeon
  1118 | D:5      | Noticed a centaur
  1120 | D:5      | Killed a centaur
  1121 | D:5      | Reached XP level 7. HP: 51/51 MP: 10/14
  1151 | D:4      | Reached skill level 5 in Conjurations
  1210 | D:5      | Reached skill level 5 in Fire Magic
  1225 | D:5      | Found a glowing drain.
  1238 | D:5      | Reached skill level 1 in Fighting
  1238 | D:5      | Reached skill level 5 in Spellcasting
  1238 | D:5      | Reached XP level 8. HP: 48/59 MP: 5/16
  1275 | D:5      | Reached skill level 6 in Spellcasting
  1317 | Sewer    | Entered a sewer
  1382 | Sewer    | Noticed Pargi
  1386 | Sewer    | Killed Pargi
  1387 | Sewer    | Reached skill level 1 in Poison Magic
  1387 | Sewer    | Reached skill level 1 in Evocations
  1466 | D:5      | Found a staircase to the Ecumenical Temple.
  1478 | Temple   | Entered the Ecumenical Temple
  1478 | Temple   | Found a transporter.
  1478 | Temple   | Found a transporter.
  1480 | Temple   | Found a transporter.
  1480 | Temple   | Found a transporter.
  1590 | D:5      | Gained mutation: You passively map the area around you.
                  | [Meteoran growth]
  1590 | D:5      | Reached XP level 9. HP: 57/64 MP: 12/19
  2038 | D:6      | Found a sand-covered staircase.
  2049 | Ossuary  | Entered an ossuary
  2055 | Ossuary  | Reached skill level 7 in Spellcasting
  2359 | D:6      | Reached skill level 8 in Spellcasting
  2452 | D:6      | Reached XP level 10. HP: 73/73 MP: 13/23
  2457 | D:6      | Reached skill level 9 in Spellcasting
  2561 | D:6      | Found a radiant altar of Vehumet.
  2574 | D:6      | Became a worshipper of Vehumet
  2683 | D:7      | Reached skill level 10 in Spellcasting
  2701 | D:7      | Found a flagged portal.
  2735 | Bailey   | Entered a bailey
  2743 | Bailey   | Learned a level 3 spell: Vampiric Draining
  2748 | Bailey   | Learned a level 4 spell: Airstrike
  2754 | Bailey   | Learned a level 5 spell: Lightning Bolt
  2767 | Bailey   | Reached skill level 1 in Air Magic
  2823 | Bailey   | Reached * piety under Vehumet
  2823 | Bailey   | Offered knowledge of Shock by Vehumet.
  2872 | Bailey   | Reached skill level 10 in Fire Magic
  2992 | Bailey   | Noticed an orc knight
  2992 | Bailey   | Noticed an orc knight
  3055 | Bailey   | Killed an orc knight
  3056 | Bailey   | Reached XP level 11. HP: 21/80 MP: 18/26
  3065 | Bailey   | Killed an orc knight
  3066 | Bailey   | Reached skill level 11 in Spellcasting
  3177 | D:7      | Acquired the ring "Jius" {Fly MP+9}
  3181 | D:7      | Acquired a book of the Spheres
  3392 | D:7      | Found a shimmering altar of Xom.
  3448 | D:7      | Offered knowledge of Searing Ray by Vehumet.
  3546 | D:7      | Reached ** piety under Vehumet
  3844 | D:8      | Reached skill level 1 in Necromancy
  3889 | D:8      | Reached skill level 5 in Dodging
  4003 | D:8      | Found an ornate altar of the Wu Jian Council.
  4007 | D:8      | Noticed Maggie
  4012 | D:8      | Killed Maggie
  4013 | D:8      | Reached skill level 12 in Spellcasting
  4189 | D:8      | Found a shadowy altar of Dithmenos.
  4195 | D:8      | Found a hazy altar of Hepliaklqana.
  4247 | D:8      | Learned a level 2 spell: Searing Ray
  4253 | D:8      | Learned a level 5 spell: Iskenderun's Battlesphere
  4392 | D:9      | Found a staircase to the Lair.
  4458 | Lair:1   | Entered Level 1 of the Lair of Beasts
  4464 | Lair:1   | Learned a level 4 spell: Olgreb's Toxic Radiance
  4512 | Lair:1   | Reached skill level 1 in Staves
  4518 | Lair:1   | Offered knowledge of Dazzling Flash by Vehumet.
  4545 | Lair:1   | Noticed a black mamba
  4550 | Lair:1   | Killed a black mamba
  4551 | Lair:1   | Reached XP level 12. HP: 27/91 MP: 19/29
  4650 | Lair:1   | Noticed an eight-headed hydra
  4655 | Lair:1   | Killed an eight-headed hydra
  4656 | Lair:1   | Reached skill level 13 in Spellcasting
  4723 | Lair:1   | Reached *** piety under Vehumet
  4955 | Lair:1   | Glimpsed the power of Zot.
  5018 | Lair:2   | Found a gate leading to a gauntlet.
  5024 | Gauntlet | Entered a Gauntlet
  5024 | Gauntlet | Found a transporter.
  5024 | Gauntlet | Found a runed translucent door.
  5034 | Gauntlet | Learned a level 8 spell: Ignition
  5034 | Gauntlet | Found a runed translucent door.
  5038 | Gauntlet | Found a transporter.
  5038 | Gauntlet | Found a transporter.
  5038 | Gauntlet | Found a transporter.
  5045 | Gauntlet | Reached skill level 14 in Spellcasting
  5059 | Gauntlet | Found a transporter.
  5059 | Gauntlet | Found a transporter.
  5059 | Gauntlet | Found a transporter.
  5073 | Gauntlet | Identified the +1 hat of the Bull {Dex+5}
  5099 | Gauntlet | Found a transporter.
  5101 | Gauntlet | Found a transporter.
  5101 | Gauntlet | Found a transporter.
  5119 | Gauntlet | Found a runed translucent gate.
  5119 | Gauntlet | Found a runed translucent gate.
  5119 | Gauntlet | Found a runed translucent gate.
  5119 | Gauntlet | Noticed an orange crystal statue
  5121 | Gauntlet | Found a transporter.
  5123 | Gauntlet | Found a transporter.
  5124 | Gauntlet | Found a transporter.
  5129 | Gauntlet | Noticed a catoblepas
  5137 | Gauntlet | Noticed a necromancer
  5142 | Gauntlet | HP: 3/92 [hornet[an orange crystal statue] (5)]
  5143 | Gauntlet | Slain by a hornet

Illustrated notes

Levels and vault maps discovered:
D:1:      dpeg_arrival_another_circle, layout_loops_cross, minmay_pentomino_x4
D:2:      layout_rooms, basic_ecumenical_altar, uniq_robin
D:3:      layout_rooms, trog_antimagical, nicolae_shop_vocational, uniq_sigmund
D:4:      layout_basic
D:5:      layout_rooms, temple_hall, gup_sewer_entry_glass
D:6:      layout_gridville, nicolae_vehumet_radiance, gup_ossuary_entry_pyramid,
          dk_vineyard_3
D:7:      layout_loops_cross, led_xom_imps, enter_bailey_3
D:8:      layout_rooms, riverfiend_overflow_shadow_ancestor,
          nzn_wu_jian_contemplation, uniq_maggie
D:9:      layout_basic, david_lair_generic, minmay_orc_entry_temple_small,
          minmay_stone_trees_medium
Temple:   hellmonk_temple_divided_pantheon
Lair:1:   layout_chaotic_city, infiniplex_staircase_pool
Lair:2:   layout_hall_layers, nicolae_swamp_entry_splash_gauntlet,
          gauntlet_entry_generic
Gauntlet: gammafunk_gauntlet_77_escape_option [minmay_gauntlet_arena_77_cramped,
          minmay_gauntlet_arena_77_double_cross, minmay_gauntlet_arena_77_mess,
          minmay_gauntlet_arena_77_run_for_it,
          minmay_gauntlet_arena_77_block_sizes,
          dreamdust_gauntlet_exit_labyrinth]

Skill      XL: |  1  2  3  4  5  6  7  8  9 10 11 12 |
---------------+-------------------------------------+-----
Fire Magic     | 4 5 6 8 10 11 12 | 12.2
Spellcasting   | 3 4 5 6 8 10 12 14 | 14.0
Conjurations   | 2 3 4 5 6 7 8 |  8.6
Armour         | 2 4 |  4.0
Dodging        | 3 4 5 6 |  6.2
Fighting       | 1 2 3 4 |  4.5
Poison Magic   | 2 3 |  3.6
Evocations     | 2 |  2.0
Earth Magic    | 2 |  2.0
Air Magic      | 2 3 4 |  4.0
Necromancy     | 2 |  2.8
Staves         | 1 2 |  2.1
Stealth        | |  1.4

Action                   |  1- 3 |  4- 6 |  7- 9 | 10-12 || total
-------------------------+-------+-------+-------+-------++-------
Melee: Unarmed           |    11 |     9 |     5 |       ||    25
       Staff             |       |       |     3 |    70 ||    73
 Cast: Foxfire           |    27 |    11 |    34 |    52 ||   124
       Scorch            |     7 |    14 |    45 |    56 ||   122
       Flame Wave        |       |       |    16 |    38 ||    54
       Airstrike         |       |       |       |    13 ||    13
       Vampiric Draining |       |       |       |    15 ||    15
       Searing Ray       |       |       |       |    17 ||    17
       Iskenderun's Batt |       |       |       |    14 ||    14
       Olgreb's Toxic Ra |       |       |       |     3 ||     3
  Use: Potion            |       |       |     1 |     3 ||     4
       Scroll            |       |       |    18 |    11 ||    29
Armor: Robe              |     6 |       |       |       ||     6
       Leather armour    |       |       |    18 |    70 ||    88
Dodge: Dodged            |     6 |     4 |    31 |   187 ||   228
Block: Other             |       |       |    19 |    64 ||    83
       Reflection        |       |       |     1 |     8 ||     9
